 Dungeon Crawl Stone Soup version 0.21-a0-630-g344d351 (webtiles) character file.

2660 tidbits the Summoner (level 9, 0/66 HPs)
             Began as a Gnoll Summoner on Dec 26, 2017.
             Slain by a hippogriff (4 damage)
             ... on level 9 of the Dungeon.
             The game lasted 00:30:20 (2442 turns).

tidbits the Summoner (Gnoll Summoner)               Turns: 2442, Time: 00:30:21

Health: 0/66       AC:  5    Str: 16    XL:     9   Next: 63%
Magic:  15/19      EV: 16    Int: 26    God:
Gold:   206        SH:  0    Dex: 15    Spells: 9/21 levels left

rFire    . . .     SeeInvis .   a - +3 dagger (drain)
rCold    . . .     Gourm    .   (no shield)
rNeg     + . .     Faith    .   B - +2 robe {rN+}
rPois    .         Spirit   .   (no helmet)
rElec    .         Reflect  .   (no cloak)
rCorr    .         Harm     .   G - +0 pair of gloves
MR       .....                  (no boots)
Stlth    +++.......             (no amulet)
HPRegen  0.21/turn              (no ring)
MPRegen  0.16/turn              (no ring)

@: mighty, brilliant, about to teleport
A: distributed training, fangs 1, strong nose
a: no special abilities


You were on level 9 of the Dungeon.
You were not hungry.

You visited 2 branches of the dungeon, and saw 10 of its levels.

You collected 206 gold pieces.

Inventory:

Hand Weapons
 a - a +3 dagger of draining (weapon)
   (You took it off a goblin on level 1 of the Dungeon)
 d - a +0 dagger
 f - a +3 dire flail
 m - a +1 halberd of freezing
   (You took it off a gnoll on level 1 of the Dungeon)
 v - a +0 blowgun
 x - a +0 flail
 C - a +0 quarterstaff
Missiles
 g - 58 arrows
 q - 96 stones
 t - 24 poisoned needles
 y - 4 javelins (quivered)
 I - 4 tomahawks
Armour
 i - a +2 ring mail of fire resistance
   (You found it on level 1 of the Dungeon)
 B - a +2 robe of positive energy (worn)
   (You took it off Dowan on level 5 of the Dungeon)
 G - a +0 pair of gloves (worn)
Magical Staves
 h - an uncursed staff of summoning {unknown}
   (You found it on level 6 of the Dungeon)
Wands
 z - a wand of iceblast (4)
 D - a wand of paralysis (6)
Scrolls
 k - 2 scrolls of enchant weapon
 p - a scroll of fog
 r - 3 scrolls of remove curse
 s - a scroll of amnesia
 E - a scroll of magic mapping
 H - a scroll of blinking {unknown}
Potions
 e - 3 potions of curing
 l - a potion of heal wounds {unknown}
 n - 2 potions of brilliance
 o - a potion of flight {unknown}
 w - a potion of magic {unknown}
 A - a potion of resistance {unknown}
Books
 b - a book of Callings

   Spells                             Type                      Level
   a - Summon Small Mammal            Summoning                    1
   b - Call Imp                       Summoning                    2
   c - Call Canine Familiar           Summoning                    3
   d - Summon Guardian Golem          Hexes/Summoning              3
   e - Summon Lightning Spire         Summoning/Air                4
   f - Summon Ice Beast               Ice/Summoning                4
 F - a book of Cantrips
   (You found it on level 8 of the Dungeon)

   Spells                             Type                      Level
   a - Confusing Touch                Hexes                        1
   b - Animate Skeleton               Necromancy                   1
   c - Summon Small Mammal            Summoning                    1
   d - Apportation                    Translocation                1
Comestibles
 c - 10 rations


   Skills:
 + Level 4.3 Fighting
 + Level 4.3 Short Blades
 + Level 4.3 Long Blades
 + Level 4.3 Axes
 + Level 4.3 Maces & Flails
 + Level 4.3 Polearms
 + Level 4.3 Staves
 + Level 4.3 Slings
 + Level 4.3 Bows
 + Level 4.3 Crossbows
 + Level 4.3 Throwing
 + Level 4.3 Armour
 + Level 6.4 Dodging
 + Level 6.1 Stealth
 + Level 4.3 Shields
 + Level 4.3 Unarmed Combat
 + Level 6.7 Spellcasting
 + Level 3.6 Conjurations
 + Level 3.6 Hexes
 + Level 3.6 Charms
 + Level 8.0 Summonings
 + Level 3.6 Necromancy
 + Level 3.6 Translocations
 + Level 3.6 Transmutations
 + Level 3.6 Fire Magic
 + Level 3.6 Ice Magic
 + Level 3.6 Air Magic
 + Level 3.6 Earth Magic
 + Level 3.6 Poison Magic
 + Level 4.8 Invocations
 + Level 4.3 Evocations


You had 9 spell levels left.
You knew the following spells:

 Your Spells              Type           Power        Failure   Level  Hunger
a - Summon Small Mammal   Summ           ####         1%          1    None
c - Call Canine Familiar  Summ           ######..     1%          3    None
i - Call Imp              Summ           ######..     1%          2    None
n - Animate Skeleton      Necr           N/A          1%          1    None
A - Apportation           Tloc           #####.       1%          1    None
L - Summon Lightning Spi  Summ/Air       ######..     1%          4    ###....


Dungeon Overview and Level Annotations

Branches:
Dungeon (9/15)             Temple (1/1) D:7
   Lair: D:8-11         Orc: D:9-12

Altars:
Ashenzari
Dithmenos
Hepliaklqana
Kikubaaqudgha
Nemelex Xobeh
Okawaru
Qazlal
Ru
Trog
Uskayaw
Vehumet
Wu Jian
Xom
Yredelemnul
Zin
The Shining One

Annotations:
D:5 1 runed door
D:9 Torax's ghost, novice HuVM


Innate Abilities, Weirdness & Mutations

Your experience applies equally to all skills.
You have very sharp teeth.
Your uncanny sense of smell can sniff out nearby items.


Message History

The iceblast engulfs the orc warrior.
The orc warrior is almost dead.
The iceblast engulfs the iguana.
You kill the iguana!
The iceblast engulfs the orc.
The orc is heavily wounded.
You hear a screech!
The orc warrior throws a tomahawk.
The tomahawk misses you.
Evoke which item? (* to show all) (? for menu, Esc to quit)
Aiming: Iceblast
Press: ? - help, Shift-Dir - straight line, f - orc warrior
Aim: an orc warrior, wielding a trident and wearing a chain mail (almost dead)
The mass of ice explodes!
The iceblast engulfs the orc warrior.
You kill the orc warrior!
The iceblast engulfs the orc.
You kill the orc!
A worker ant comes into view.
Unknown command.
Casting: Summon Lightning Spire
Confirm with . or Enter, or press ? or * to list all spells.
Aiming: Summon Lightning Spire
Press: ? - help, Dir - move target cursor An electric hum fills the air.
The worker ant twitches its antennae in your direction.
Torax's ghost (novice Human Venom Mage) comes into view.
It is wielding a weapon of venom.
Okay, then.
Unknown command.
Your lightning spire shoots out a bolt of lightning at the jelly!
The bolt of electricity hits the jelly. x2
The bolt of electricity hits your lightning spire.
Your lightning spire completely resists.
A hippogriff comes into view.
It was a potion of brilliance.
You feel clever all of a sudden.
You feel very mighty all of a sudden. The worker ant bites you.
* * * LOW HITPOINT WARNING * * *
You are poisoned.
The worker ant poisons you!
The jelly hits your lightning spire but does no damage.
The worker ant barely misses you.
Your lightning spire shoots out a bolt of lightning at the worker ant!
The bolt of electricity hits the worker ant. x2
The worker ant dies!
The bolt of electricity hits your lightning spire.
Your lightning spire completely resists.
A crimson imp comes into view.
Evoke which item? (* to show all) (? for menu, Esc to quit)
Aiming: Iceblast
Press: ? - help, Shift-Dir - straight line, f - jelly
Aim: a jelly (severely wounded)
Okay, then.
Evoke which item? (* to show all) (? for menu, Esc to quit)
Aiming: Paralyse
Press: ? - help, Shift-Dir - straight line, f - jelly
Aim: a jelly (severely wounded, chance to defeat MR: 67%)
The jelly suddenly stops moving!
You feel sick.
Evoke which item? (* to show all) (? for menu, Esc to quit)
Aiming: Paralyse
Press: ? - help, Shift-Dir - straight line, f - hippogriff, p - jelly
Aim: a hippogriff (chance to defeat MR: 54%)
The hippogriff resists with significant effort.
You feel sick.
Torax's ghost points at you and mumbles some strange words.
The sting hits you!
You are more poisoned.
* * * LOW HITPOINT WARNING * * *
The hippogriff bites you!
* * * LOW HITPOINT WARNING * * *
The hippogriff pecks you.
* * * LOW HITPOINT WARNING * * *
The hippogriff claws you.
* * * LOW HITPOINT WARNING * * *
A bullfrog comes into view.
Okay, then.
Press: ? - help, v - describe, . - travel
Here: Torax's ghost, wielding a weapon of venom The floor.
You feel better.
The crimson imp blinks!
The hippogriff bites you.
* * * LOW HITPOINT WARNING * * *
The hippogriff barely misses you. The hippogriff claws you.
* * * LOW HITPOINT WARNING * * *
Okay, then.
Unknown command.
Unknown command.
Evoke which item? (* to show all) (? for menu, Esc to quit)
Aiming: Paralyse
Press: ? - help, Shift-Dir - straight line, f - Torax's ghost, p - hippogriff
Aim: Torax's ghost, wielding a weapon of venom (chance to defeat MR: 21%)
Okay, then.
Unknown command.
Unknown command.
As you read the scroll labeled ROAXYRI QERAU, it crumbles to dust.
You feel strangely unstable.
It was a scroll of teleportation.
Torax's ghost casts a spell at you.
The ball explodes into a vile cloud!
The stinking cloud engulfs you!
The stinking cloud engulfs the hippogriff.
The stinking cloud engulfs Torax's ghost.
Torax's ghost appears unharmed.
The hippogriff bites you.
You die...

*,,,,,,,* *************.......##
,,,,,,,,,,..*,..)....#
***,,.._..,.#.))†....#
*,,.....∆..##......#*********
**,#####%#.##......#*,,,,,,,*
**,#..(#.#.##F58...##.*****,*
***,,#..(#.#.##§§WJ...$.*,,,*,***
,,,,,#####.....§@H...?..,,,,,,,,,
***,,.........##§###.#..,,,,,****
*****.........##(# *,***,*,,,****
*,,,*.#..........# *,,,,,,,,,+,,,
**,,*,#........### **,,,,*,,,****
**,,*,##+###.#.# *,,,,***** *
,,,,,<#......#.#####*,,,,* *
,****,#........)...#*,,,,* *
,,,,,,#......#..##.#****,* *


You could see a hippogriff, a bullfrog, a jelly (paralysed), Torax's ghost, a
crimson imp and a friendly lightning spire.

Vanquished Creatures
  Prince Ribbit (D:5)
  An orc warrior (D:9)
  An ice beast (D:7)
  2 phantoms (D:7)
  A black bear (D:9)
  An ogre (D:9)
  2 centaurs
  A bullfrog (D:8)
  2 wights (D:9)
  A crimson imp (D:6)
  A centaur zombie (D:9)
  A quasit (D:9)
  An orc priest (D:3)
  2 hounds
  5 orc wizards
  2 iguanas
  A worker ant (D:7)
  4 adders
  A shadow imp (D:8)
  14 orcs
  A ball python (D:2)
  2 giant cockroaches
  3 goblins
  A hobgoblin (D:2)
  6 jackals
  3 kobolds
  A bat (D:1)
  3 frilled lizards
  A jackal zombie (D:5)
  2 rats
  A plant (D:7)
69 creatures vanquished.

Vanquished Creatures (collateral kills)
  Grinder (D:6)
  A hippogriff (D:7)
  Duvessa (D:5)
  A phantom (D:7)
  An orc warrior (D:6)
  A sky beast (D:7)
  3 ogres
  A bullfrog (D:9)
  Dowan (D:5)
  A scorpion (D:5)
  An oklob sapling (D:7)
  3 wights (D:9)
  A howler monkey (D:6)
  4 crimson imps
  A centaur zombie (D:7)
  4 orc wizards
  A human zombie (D:5)
  4 orc priests
  3 bullfrog skeletons
  An iguana (D:5)
  3 worker ants
  4 adders
  A gnoll (D:1)
  4 shadow imps
  2 worms
  2 dart slugs
  15 orcs
  A giant cockroach (D:1)
  4 goblins (D:1)
  6 jackals
  6 bats
  4 frilled lizards
  A jackal zombie (D:5)
  3 kobolds (D:3)
  4 rats
95 creatures vanquished.

Grand Total: 164 creatures vanquished

Notes
Turn   | Place    | Note
-------+----------+-------------------------------------------
     0 | D:1      | tidbits the Gnoll Summoner began the quest for the Orb.
     0 | D:1      | Reached XP level 1. HP: 13/13 MP: 6/6
    79 | D:1      | Reached XP level 2. HP: 16/19 MP: 3/7
    84 | D:1      | Learned a level 2 spell: Call Imp
   201 | D:2      | Found a shimmering altar of Xom.
   202 | D:2      | Found a hazy altar of Hepliaklqana.
   203 | D:2      | Noticed a spectral ugly thing
   319 | D:1      | Reached XP level 3. HP: 22/25 MP: 3/9
   322 | D:1      | Reached skill level 5 in Spellcasting
   486 | D:3      | Found an iron altar of Okawaru.
   496 | D:3      | Reached skill level 1 in Invocations
   520 | D:3      | Reached skill level 1 in Fighting
   520 | D:3      | Reached skill level 1 in Short Blades
   520 | D:3      | Reached skill level 1 in Long Blades
   520 | D:3      | Reached skill level 1 in Axes
   520 | D:3      | Reached skill level 1 in Maces & Flails
   520 | D:3      | Reached skill level 1 in Polearms
   520 | D:3      | Reached skill level 1 in Staves
   520 | D:3      | Reached skill level 1 in Slings
   520 | D:3      | Reached skill level 1 in Bows
   520 | D:3      | Reached skill level 1 in Crossbows
   520 | D:3      | Reached skill level 1 in Throwing
   520 | D:3      | Reached skill level 1 in Armour
   520 | D:3      | Reached skill level 1 in Shields
   520 | D:3      | Reached skill level 1 in Unarmed Combat
   520 | D:3      | Reached skill level 1 in Evocations
   520 | D:3      | Reached XP level 4. HP: 5/32 MP: 8/11
   522 | D:3      | Reached skill level 1 in Conjurations
   522 | D:3      | Reached skill level 1 in Hexes
   522 | D:3      | Reached skill level 1 in Charms
   522 | D:3      | Reached skill level 1 in Necromancy
   522 | D:3      | Reached skill level 1 in Translocations
   522 | D:3      | Reached skill level 1 in Transmutations
   522 | D:3      | Reached skill level 1 in Fire Magic
   522 | D:3      | Reached skill level 1 in Ice Magic
   522 | D:3      | Reached skill level 1 in Air Magic
   522 | D:3      | Reached skill level 1 in Earth Magic
   522 | D:3      | Reached skill level 1 in Poison Magic
   665 | D:3      | Learned a level 4 spell: Summon Lightning Spire
   669 | D:3      | Learned a level 3 spell: Call Canine Familiar
   682 | D:3      | Reached XP level 5. HP: 25/37 MP: 5/12
   971 | D:5      | Entered Level 5 of the Dungeon
  1016 | D:5      | Found a runed door.
  1016 | D:5      | Noticed a human
  1017 | D:5      | Got a bronze scale mail
  1064 | D:4      | Found a shadowy altar of Dithmenos.
  1099 | D:4      | Found a basalt altar of Yredelemnul.
  1102 | D:4      | Found a glowing golden altar of the Shining One.
  1151 | D:4      | Noticed an ogre
  1162 | D:4      | Killed an ogre
  1162 | D:4      | Reached skill level 2 in Invocations
  1162 | D:4      | Reached XP level 6. HP: 44/44 MP: 9/13
  1283 | D:5      | Noticed Prince Ribbit
  1290 | D:5      | Reached skill level 2 in Fighting
  1290 | D:5      | Reached skill level 2 in Short Blades
  1290 | D:5      | Reached skill level 2 in Long Blades
  1290 | D:5      | Reached skill level 2 in Axes
  1290 | D:5      | Reached skill level 2 in Maces & Flails
  1290 | D:5      | Reached skill level 2 in Polearms
  1290 | D:5      | Reached skill level 2 in Staves
  1290 | D:5      | Reached skill level 2 in Slings
  1290 | D:5      | Reached skill level 2 in Bows
  1290 | D:5      | Reached skill level 2 in Crossbows
  1290 | D:5      | Reached skill level 2 in Throwing
  1290 | D:5      | Reached skill level 2 in Armour
  1290 | D:5      | Reached skill level 5 in Dodging
  1290 | D:5      | Reached skill level 2 in Shields
  1290 | D:5      | Reached skill level 2 in Unarmed Combat
  1290 | D:5      | Reached skill level 2 in Evocations
  1300 | D:5      | Killed Prince Ribbit
  1300 | D:5      | Reached XP level 7. HP: 21/50 MP: 5/15
  1318 | D:5      | Noticed Duvessa
  1320 | D:5      | Noticed Dowan
  1326 | D:5      | Killed Duvessa
  1326 | D:5      | Reached skill level 2 in Conjurations
  1326 | D:5      | Reached skill level 2 in Hexes
  1326 | D:5      | Reached skill level 2 in Charms
  1326 | D:5      | Reached skill level 2 in Necromancy
  1326 | D:5      | Reached skill level 2 in Translocations
  1326 | D:5      | Reached skill level 2 in Transmutations
  1326 | D:5      | Reached skill level 2 in Fire Magic
  1326 | D:5      | Reached skill level 2 in Ice Magic
  1326 | D:5      | Reached skill level 2 in Air Magic
  1326 | D:5      | Reached skill level 2 in Earth Magic
  1326 | D:5      | Reached skill level 2 in Poison Magic
  1328 | D:5      | Killed Dowan
  1427 | D:5      | Identified the +1 scale mail "Ablupy" {*Contam rC++ rCorr} (You found it on level 5 of the Dungeon)
  1439 | D:6      | Reached skill level 5 in Stealth
  1476 | D:6      | Reached skill level 3 in Invocations
  1492 | D:6      | Noticed Grinder
  1510 | D:6      | Killed Grinder
  1510 | D:6      | Reached XP level 8. HP: 36/57 MP: 11/16
  1522 | D:6      | Reached skill level 3 in Fighting
  1522 | D:6      | Reached skill level 3 in Short Blades
  1522 | D:6      | Reached skill level 3 in Long Blades
  1522 | D:6      | Reached skill level 3 in Axes
  1522 | D:6      | Reached skill level 3 in Maces & Flails
  1522 | D:6      | Reached skill level 3 in Polearms
  1522 | D:6      | Reached skill level 3 in Staves
  1522 | D:6      | Reached skill level 3 in Slings
  1522 | D:6      | Reached skill level 3 in Bows
  1522 | D:6      | Reached skill level 3 in Crossbows
  1522 | D:6      | Reached skill level 3 in Throwing
  1522 | D:6      | Reached skill level 3 in Armour
  1522 | D:6      | Reached skill level 3 in Shields
  1522 | D:6      | Reached skill level 3 in Unarmed Combat
  1522 | D:6      | Reached skill level 3 in Evocations
  1746 | D:7      | Reached skill level 6 in Spellcasting
  1807 | D:7      | Noticed a hippogriff
  1814 | D:7      | Killed a hippogriff
  1953 | D:7      | Found a staircase to the Ecumenical Temple.
  1961 | D:7      | Reached skill level 4 in Invocations
  1981 | D:7      | Reached skill level 3 in Conjurations
  1981 | D:7      | Reached skill level 3 in Hexes
  1981 | D:7      | Reached skill level 3 in Charms
  1981 | D:7      | Reached skill level 3 in Necromancy
  1981 | D:7      | Reached skill level 3 in Translocations
  1981 | D:7      | Reached skill level 3 in Transmutations
  1981 | D:7      | Reached skill level 3 in Fire Magic
  1981 | D:7      | Reached skill level 3 in Ice Magic
  1981 | D:7      | Reached skill level 3 in Air Magic
  1981 | D:7      | Reached skill level 3 in Earth Magic
  1981 | D:7      | Reached skill level 3 in Poison Magic
  1993 | Temple   | Entered the Ecumenical Temple
  2095 | D:7      | Reached skill level 6 in Dodging
  2095 | D:7      | Reached XP level 9. HP: 59/65 MP: 4/18
  2174 | D:8      | Learned a level 1 spell: Animate Skeleton
  2176 | D:8      | Learned a level 1 spell: Apportation
  2304 | D:9      | Reached skill level 4 in Fighting
  2304 | D:9      | Reached skill level 4 in Short Blades
  2304 | D:9      | Reached skill level 4 in Long Blades
  2304 | D:9      | Reached skill level 4 in Axes
  2304 | D:9      | Reached skill level 4 in Maces & Flails
  2304 | D:9      | Reached skill level 4 in Polearms
  2304 | D:9      | Reached skill level 4 in Staves
  2304 | D:9      | Reached skill level 4 in Slings
  2304 | D:9      | Reached skill level 4 in Bows
  2304 | D:9      | Reached skill level 4 in Crossbows
  2304 | D:9      | Reached skill level 4 in Throwing
  2304 | D:9      | Reached skill level 4 in Armour
  2304 | D:9      | Reached skill level 4 in Shields
  2304 | D:9      | Reached skill level 4 in Unarmed Combat
  2304 | D:9      | Reached skill level 4 in Evocations
  2360 | D:9      | Reached skill level 6 in Stealth
  2360 | D:9      | Reached skill level 8 in Summonings
  2419 | D:9      | Noticed a dagger
  2423 | D:9      | Noticed an enchanted dagger
  2428 | D:9      | Found a hide-covered altar of Uskayaw.
  2436 | D:9      | Noticed Torax's ghost (novice HuVM)
  2440 | D:9      | HP: 5/66 [hippogriff (3)]
  2442 | D:9      | Slain by a hippogriff

Vault maps used:
D:1:      saegor_arrival_simple_d
D:2:      regret_index_temple_of_mockery, grunt_gozag_statues,
          minmay_misc_feat_more_columns, minmay_lizard_king
D:3:      okawaru_trees_2
D:4:      grunt_temple_overflow_holy_war, kennysheep_little_box,
          kennysheep_mini, hex_tiny, grunt_dithmenos_shadows, uniq_eustachio
D:5:      first_ration, dk_yredelemnul_ordeal, uniq_prince_ribbit1, uniq_ijyb,
          uniq_duvessa
D:6:      minmay_small_thing, uniq_grinder, uniq_sigmund, uniq_pikel
D:7:      makhleb_grotto_becter, minmay_temple_entry_oklob
D:8:      fedhas_altar_3
D:9:      dancing_weapons_uskayaw, lemuel_blue_sif_altar,
          nicolae_overflow_hidden_temple
Temple:   nicolae_temple_figure_zero

Skill      XL: |  1  2  3  4  5  6  7  8  9 |
---------------+----------------------------+-----
Spellcasting   | 5 6 |  6.7
Invocations    | 1 2 3 4 |  4.8
Fighting       | 1 2 3 4 |  4.3
Short Blades   | 1 2 3 4 |  4.3
Long Blades    | 1 2 3 4 |  4.3
Axes           | 1 2 3 4 |  4.3
Maces & Flails | 1 2 3 4 |  4.3
Polearms       | 1 2 3 4 |  4.3
Staves         | 1 2 3 4 |  4.3
Slings         | 1 2 3 4 |  4.3
Bows           | 1 2 3 4 |  4.3
Crossbows      | 1 2 3 4 |  4.3
Throwing       | 1 2 3 4 |  4.3
Armour         | 1 2 3 4 |  4.3
Shields        | 1 2 3 4 |  4.3
Unarmed Combat | 1 2 3 4 |  4.3
Evocations     | 1 2 3 4 |  4.3
Conjurations   | 1 2 3 |  3.6
Hexes          | 1 2 3 |  3.6
Charms         | 1 2 3 |  3.6
Necromancy     | 1 2 3 |  3.6
Translocations | 1 2 3 |  3.6
Transmutations | 1 2 3 |  3.6
Fire Magic     | 1 2 3 |  3.6
Ice Magic      | 1 2 3 |  3.6
Air Magic      | 1 2 3 |  3.6
Earth Magic    | 1 2 3 |  3.6
Poison Magic   | 1 2 3 |  3.6
Dodging        | 5 6 |  6.4
Stealth        | 5 6 |  6.1
Summonings     | 8 |  8.0

Action                   |  1- 3 |  4- 6 |  7- 9 || total
-------------------------+-------+-------+-------++-------
Melee: Dagger            |    47 |    66 |   160 ||   273
       Bite              |     1 |     5 |     9 ||    15
       Punch             |       |     1 |     1 ||     2
 Fire: Blowgun           |       |     3 |       ||     3
Throw: Tomahawk          |     1 |     9 |    17 ||    27
       Javelin           |       |       |    46 ||    46
 Cast: Summon Small Mamm |    24 |     2 |       ||    26
       Call Imp          |     3 |     4 |       ||     7
       Summon Lightning  |       |    12 |    25 ||    37
       Call Canine Famil |       |     2 |     7 ||     9
Evoke: Wand              |       |       |     8 ||     8
  Use: Potion            |     2 |     1 |     4 ||     7
       Scroll            |       |     2 |     7 ||     9
 Stab: Sleeping          |     1 |     3 |     4 ||     8
       Distracted        |     2 |     2 |     3 ||     7
       Paralysed         |       |       |     1 ||     1
  Eat: Chunk             |       |     3 |     2 ||     5
       Ration            |       |       |     2 ||     2
Armor: Robe              |     8 |    11 |    18 ||    37
       Skin              |     1 |     4 |       ||     5
Dodge: Dodged            |    31 |    44 |    81 ||   156

Table legend:
 A = Spawn XP
 B = Non-spawn XP
 C = Spawn XP percentage of total XP
 D = Spawn monster count
 E = Non-spawn monster count
 F = Spawn count percentage of total count
 G = Total turns spent on level
                    A         B        C        D         E        F      G
               +---------+---------+-------+---------+---------+-------+---------
         Total |       0 |    3801 |   0.0 |       0 |     163 |   0.0 |  2442
               +---------+---------+-------+---------+---------+-------+---------
           D:1 |       0 |      33 |   0.0 |       0 |      24 |   0.0 |   279
           D:2 |       0 |      14 |   0.0 |       0 |       4 |   0.0 |   253
           D:3 |       0 |     157 |   0.0 |       0 |      30 |   0.0 |   403
           D:4 |       0 |     215 |   0.0 |       0 |      12 |   0.0 |   232
           D:5 |       0 |     548 |   0.0 |       0 |      16 |   0.0 |   298
           D:6 |       0 |     626 |   0.0 |       0 |      15 |   0.0 |   257
           D:7 |       0 |     961 |   0.0 |       0 |      28 |   0.0 |   368
           D:8 |       0 |     241 |   0.0 |       0 |       8 |   0.0 |   134
           D:9 |       0 |    1006 |   0.0 |       0 |      26 |   0.0 |   156
               +---------+---------+-------+---------+---------+-------+---------

Table legend:
 A = Turns spent in this place as a percentage of turns spent in the entire game.
 B = Non-inter-level travel turns spent in this place as a percentage of non-inter-level travel turns spent in the entire game.
 C = Inter-level travel turns spent in this place as a percentage of turns spent in this place.
 D = Turns resting spent in this place as a percentage of non-inter-level travel turns spent in this place.
 E = Turns spent auto-exploring this place as a percentage of non-inter-level travel turns spent in this place.
 F = Non-inter-level travel turns spent in this place divided by the number of levels of this place that you've seen.
                   A       B       C       D       E      F
               +-------+-------+-------+-------+-------+----------------------
         Total | 100.0 | 100.0 |   2.8 |   0.0 |   0.0 | 237.4
       Dungeon |  97.5 |  97.7 |   2.6 |   0.0 |   0.0 | 257.7
        Temple |   2.5 |   2.3 |  11.3 |   0.0 |   0.0 |  55.0
               +-------+-------+-------+-------+-------+----------------------

Table legend:
 A = Kills in this place as a percentage of kills in entire the game.
 B = Kills by you in this place as a percentage of kills by you in the entire game.
 C = Kills by friends in this place as a percentage of kills by friends in the entire game.
 D = Other kills in this place as a percentage of other kills in the entire game.
 E = Experience gained in this place as a percentage of experience gained in the entire game.
 F = Experience gained in this place divided by the number of levels of this place that you have seen.
                   A       B       C       D       E      F
               +-------+-------+-------+-------+-------+----------------------
         Total | 100.0 | 100.0 | 100.0 |   N/A | 100.0 | 380.1
       Dungeon | 100.0 | 100.0 | 100.0 |   N/A | 100.0 | 422.3
               +-------+-------+-------+-------+-------+----------------------

Vault maps used:
D:1:      saegor_arrival_simple_d
D:2:      regret_index_temple_of_mockery, grunt_gozag_statues,
          minmay_misc_feat_more_columns, minmay_lizard_king
D:3:      okawaru_trees_2
D:4:      grunt_temple_overflow_holy_war, kennysheep_little_box,
          kennysheep_mini, hex_tiny, grunt_dithmenos_shadows, uniq_eustachio
D:5:      first_ration, dk_yredelemnul_ordeal, uniq_prince_ribbit1, uniq_ijyb,
          uniq_duvessa
D:6:      minmay_small_thing, uniq_grinder, uniq_sigmund, uniq_pikel
D:7:      makhleb_grotto_becter, minmay_temple_entry_oklob
D:8:      fedhas_altar_3
D:9:      dancing_weapons_uskayaw, lemuel_blue_sif_altar,
          nicolae_overflow_hidden_temple
Temple:   nicolae_temple_figure_zero
